 Dungeon Crawl Stone Soup version 0.22.1-1-ga44c0e56f4 (webtiles) character file.

96 AxeAttX the Chopper (level 4, 0/31 HPs)
             Began as an Octopode Monk on Nov 1, 2018.
             Slain by a jelly (2 damage)
             ... on level 2 of the Dungeon.
             The game lasted 00:05:10 (2410 turns).

AxeAttX the Chopper (Octopode Monk)                 Turns: 2410, Time: 00:05:11

Health: 0/31       AC:  1    Str: 10    XL:     4   Next: 67%
Magic:  4/4        EV: 13    Int: 12    God:
Gold:   69         SH:  3    Dex: 15    Spells: 3/3 levels left

rFire    . . .     SeeInvis .   a - +0 hand axe
rCold    . . .     Gourm    .   i - +0 buckler
rNeg     . . .     Faith    .   (helmet restricted)
rPois    .         Spirit   .   (no amulet)
rElec    .         Reflect  .   (no ring)
rCorr    .         Harm     .   (no ring)
MR       .....                  (no ring)
Stlth    +++.......             (no ring)
HPRegen  0.10/turn              (no ring)
MPRegen  0.09/turn              (no ring)
                                (no ring)
                                (no ring)

@: no status effects
A: almost no armour, stealthy swim, amphibious, 8 rings, constrict 8, camouflage
1, gelatinous body 1
a: no special abilities


You were on level 2 of the Dungeon.
You were hungry.

You visited 1 branch of the dungeon, and saw 3 of its levels.

You collected 69 gold pieces.

Inventory:

Hand Weapons
 a - a +0 hand axe (weapon)
Missiles
 d - 8 curare-tipped needles
Armour
 i - a +0 buckler (worn)
   (You found it on level 1 of the Dungeon)
Scrolls
 h - 2 scrolls of identify {unknown}
 j - a scroll of fear {unknown}
 k - a scroll of teleportation {unknown}
 m - 2 scrolls of amnesia {unknown}
 p - 2 scrolls of remove curse {unknown}
 q - a scroll of blinking {unknown}
Potions
 b - a potion of flight {unknown}
 c - 2 potions of heal wounds {unknown}
 g - 2 potions of curing {unknown}
 l - a potion of haste {unknown}
 n - a potion of magic {unknown}
 o - a potion of mutation {unknown}
Comestibles
 e - 4 rations


   Skills:
 - Level 3.0 Fighting
 + Level 5.3 Axes
 - Level 3.0 Dodging
 - Level 2.6 Stealth


You had 3 spell levels left.
You didn't know any spells.
Your spell library was empty.

Dungeon Overview and Level Annotations

Branches:
Dungeon (3/15)

Altars:
Okawaru


Innate Abilities, Weirdness & Mutations

You cannot wear most types of armour.
You are very stealthy in the water. (Stealth+)
You are amphibious.
You can wear up to eight rings at the same time.
You can use your tentacles to constrict eight enemies at once.
Your skin changes colour to match your surroundings (Stealth+).
Your rubbery body absorbs attacks. (AC +1, EV +1)


Message History

Done exploring.
Done exploring.
There is a stone staircase leading down here.
Search for what [Enter for "throw", or ? for help]? .
There is a stone staircase leading up, spattered with blood here.
You see here 2 stones.
You see here 2 stones.
There is an open door, spattered with blood here.
You see here 3 stones.
You see here a stone.
Done exploring.
There is an open door, spattered with blood here.
You see here 3 stones.
You see here 2 stones.
You see here 2 stones.
Search for what [Enter for "."]? .
Search for what [Enter for "."]? .
There is a stone staircase leading down here.
You climb downwards.
There is a stone staircase leading up here.
Eating one of 2 chunks of flesh.
You eat one of the 2 chunks of flesh.
This raw flesh tastes terrible.
A jelly comes into view.
Found a glowing ring mail.
Found a stone staircase leading down.
A frilled lizard and a rat come into view.
Found 25 gold pieces.
The helpless jelly fails to defend itself.
You hit the jelly.
Your tentacles burn!
The jelly is lightly wounded.
The jelly hits you but does no damage.
You hit the jelly. The acid corrodes you!
Your tentacles burn!
The jelly is heavily wounded.
The jelly closely misses you.
You hit the jelly. The acid corrodes you!
Your tentacles burn!
The jelly is heavily wounded.
You hit the rat but do no damage. You block the rat's attack.
The jelly hits you.
You are splashed with acid!
The acid burns!
* * * LOW HITPOINT WARNING * * *
The rat bites you.
All of the chunks of flesh in your inventory have rotted away.
You are no longer corroded.
There is a stone staircase leading up here.
The rat closely misses you.
You climb upwards.
There is a stone staircase leading down here.
You start resting.
The orc is too close now for your liking.
An orc is nearby!
The orc shouts!
The orc throws a stone.
The stone completely misses you. The orc barely misses you.
You closely miss the orc. Your grab misses the orc. The orc hits you.
You hit the orc but do no damage. You grab the orc. You constrict the orc.
The orc hits you.
You hit the orc. You squeeze the orc.
You kill the orc!
Things that are here:
3 stones; a club You start resting.
HP restored.
There is a stone staircase leading down here.
There is a stone staircase leading down here.
You climb downwards.
There is a stone staircase leading up here.
The rat bites you but does no damage.
You climb upwards.
There is a stone staircase leading down here.
You hit the rat.
You kill the rat!
There is a stone staircase leading down here.
You climb downwards.
You are feeling hungry.
There is a stone staircase leading up here.
The jelly quivers.
The jelly hits you.
You are splashed with acid!
The acid burns!
You hit the jelly. The acid corrodes you!
Your tentacles burn!
The jelly is lightly wounded.
You hit the jelly but do no damage.
Your tentacles burn!
You squeeze the jelly.
The jelly is moderately wounded.
The jelly misses you.
There is a stone staircase leading up here.
The jelly misses you.
You climb upwards.
There is a stone staircase leading down here.
You are no longer corroded.
You hit the jelly but do no damage.
Your tentacles burn!
You squeeze the jelly.
The jelly is moderately wounded.
The jelly closely misses you.
You hit the jelly.
Your tentacles burn!
You squeeze the jelly.
The jelly is heavily wounded.
The jelly barely misses you.
You hit the jelly.
Your tentacles burn!
You squeeze the jelly.
The jelly is almost dead.
The jelly hits you.
You are splashed with acid!
The acid burns!
* * * LOW HITPOINT WARNING * * *
You barely miss the jelly. Your squeeze misses the jelly.
The jelly is almost dead.
The jelly hits you.
You die...

.#.#(# #...#).##...###...#
≈≈≈(≈####..)......##...###
....((((.[...........#########
≈≈≈≈≈##(..............#......#
#.#.####........>.....#......#
######.##>#.........>.#......#
..##..................#......#
.......#...#....J.....#......#
...##..#..##....@.....#......#
.....#.#...#.................#
(..#.#.#...###.....####......#
...#.#..............###......#
...#..#....####.##...###..####
..###).....# #.##...# #.##
..######...# #...#### #.# ...#
#...# ###..#####.# ...# #...#
##....##.#


You could see a jelly.

Vanquished Creatures
  2 adders (D:2)
  4 gnolls
  A worm (D:1)
  A dart slug (D:1)
  3 orcs (D:2)
  4 bats
  2 giant cockroaches (D:2)
  3 goblins (D:2)
  4 hobgoblins
  3 frilled lizards (D:1)
  4 kobolds
  4 rats
35 creatures vanquished.

Notes
Turn   | Place    | Note
-------+----------+-------------------------------------------
     0 | D:1      | AxeAttX the Octopode Monk began the quest for the Orb.
     0 | D:1      | Reached XP level 1. HP: 16/16 MP: 1/1
   313 | D:1      | Reached XP level 2. HP: 18/21 MP: 2/2
   714 | D:2      | Reached skill level 4 in Axes
   714 | D:2      | Reached XP level 3. HP: 22/26 MP: 3/3
  1285 | D:2      | Reached XP level 4. HP: 31/31 MP: 4/4
  1331 | D:2      | Reached skill level 5 in Axes
  1447 | D:2      | Found an iron altar of Okawaru.
  2409 | D:2      | HP: 2/31 [acid (8)]
  2410 | D:2      | Slain by a jelly

Skill      XL: |  1  2  3  4 |
---------------+-------------+-----
Axes           | 4 5 |  5.3
Fighting       | |  3.0
Dodging        | |  3.0
Stealth        | |  2.6

Action                   |  1- 3 |  4- 6 || total
-------------------------+-------+-------++-------
Melee: Hand axe          |    42 |    37 ||    79
       Constrict         |    12 |     8 ||    20
       Tentacles         |     7 |    13 ||    20
 Stab: Sleeping          |     7 |     5 ||    12
       Distracted        |     1 |       ||     1
  Eat: Chunk             |     1 |     3 ||     4
Armor: Skin              |     3 |     4 ||     7
Dodge: Dodged            |    17 |    23 ||    40
Block: Buckler           |     3 |     5 ||     8

Vault maps used:
D:1:      lemuel_arrival_hallway, minmay_misc_feat_tower, kennysheep_boxes
D:2:      okawaru_altar_gauntlet_db
D:3:      grunt_dithmenos_smoke_and_mirrors

Table legend:
 A = Turns spent in this place as a percentage of turns spent in the entire game.
 B = Non-inter-level travel turns spent in this place as a percentage of non-inter-level travel turns spent in the entire game.
 C = Inter-level travel turns spent in this place as a percentage of turns spent in this place.
 D = Turns resting spent in this place as a percentage of non-inter-level travel turns spent in this place.
 E = Turns spent auto-exploring this place as a percentage of non-inter-level travel turns spent in this place.
 F = Non-inter-level travel turns spent in this place divided by the number of levels of this place that you've seen.
                   A       B       C       D       E      F
               +-------+-------+-------+-------+-------+----------------------
         Total | 100.0 | 100.0 |   5.6 |  33.3 |  42.4 | 758.7
       Dungeon | 100.0 | 100.0 |   5.6 |  33.3 |  42.4 | 758.7
               +-------+-------+-------+-------+-------+----------------------

Table legend:
 A = Kills in this place as a percentage of kills in entire the game.
 B = Kills by you in this place as a percentage of kills by you in the entire game.
 C = Kills by friends in this place as a percentage of kills by friends in the entire game.
 D = Other kills in this place as a percentage of other kills in the entire game.
 E = Experience gained in this place as a percentage of experience gained in the entire game.
 F = Experience gained in this place divided by the number of levels of this place that you have seen.
                   A       B       C       D       E      F
               +-------+-------+-------+-------+-------+----------------------
         Total | 100.0 | 100.0 |   N/A |   N/A | 100.0 |  46.0
       Dungeon | 100.0 | 100.0 |   N/A |   N/A | 100.0 |  46.0
               +-------+-------+-------+-------+-------+----------------------
